 Dungeon Crawl Stone Soup version 0.31-a0-995-g04711c9635 (webtiles) character file.

Game seed: 12150691813345634878

352 kae the Changeling (level 6, -2/47 HPs)
             Began as a Draconian Shapeshifter on Nov 6, 2023.
             Was an Initiate of Qazlal.
             Slain by an iguana (9 damage)
             ... on level 5 of the Dungeon.
             The game lasted 00:02:19 (3513 turns).

kae the Changeling (Draconian Shapeshifter)         Turns: 3513, Time: 00:02:19

Health: -2/47      AC:  6    Str: 17    XL:     6   Next: 35%
Magic:  7/7        EV: 12    Int: 10    God:    Qazlal [......]
Gold:   207        SH:  0    Dex: 12    Spells: 5/5 levels left

rFire   . .          .
                       - Unarmed
rCold   . . .        (no shield)
rNeg    . . .        (body armour unavailable)
rPois   .            (helmet currently unavailable)
rElec   .            (cloak currently unavailable)
rCorr   .            (gloves currently unavailable)
SInv    .            (boots currently unavailable)
Will    .....        (no amulet)
Stlth   +            (no ring)
HPRegen 0.27/turn    (no ring)
MPRegen 0.10/turn

%: no passive effects
@: beast-form, on berserk cooldown, slowed, very slow
A: beast (slay +3), AC +6, unfitting armour, cold-blooded
a: Begin Untransformation, Renounce Religion


You were on level 5 of the Dungeon.
You worshipped Qazlal.
Qazlal was noncommittal.
You were a hulking beast.
You visited 1 branch of the dungeon, and saw 5 of its levels.

You collected 207 gold pieces.


Innate Abilities, Weirdness & Mutations

You are a hulking beast.
Your limbs bulge with bestial killing power. (Slay +3)
Your plain brown scales are hard. (AC +6)
You cannot fit into any form of body armour.
You are cold-blooded and may be slowed by cold attacks.


   Skills:
 - Level 1.1 Fighting
 - Level 1.7 Dodging
 + Level 4.5 Unarmed Combat
 + Level 2.4 Invocations
 * Level 5.4 Shapeshifting


You had 5 spell levels left.
You didn't know any spells.
Your spell library contained the following spells:

 Spells                   Type           Power      Damage    Failure   Level
 Freeze                   Ice            0%         1d3       36%         1
 Frozen Ramparts          Ice            0%         1d1       75%         3
 Gell's Gravitas          Tloc           0%         N/A       75%         3
 Hailstorm                Conj/Ice       0%         3d3       75%         3
 Teleport Other           Tloc           0%         N/A       75%         3
 Tukima's Dance           Hex            0%         N/A       75%         3
 Anguish                  Hex/Necr       0%         N/A       98%         4
 Cause Fear               Hex            0%         N/A       98%         4
 Passage of Golubria      Tloc           0%         N/A       98%         4
 Summon Lightning Spire   Summ/Air       0%         N/A       98%         4
 Lee's Rapid Deconstruct  Erth           0%         3d4*      100%        5
 Yara's Violent Unravell  Hex/Tmut       0%         3d3       100%        5
 Dispersal                Tloc           0%         N/A       100%        6
 Enfeeble                 Hex            0%         N/A       100%        7
 Animate Armour           Summ/Erth      Unusable   N/A       N/A         4

Inventory:

Missiles
 d - 42 stones
 e - 19 poisoned darts
 f - 2 boomerangs
 r - 6 javelins
Magical Staves
 s - a staff of poison {!a}
   (You found it on level 3 of the Dungeon)
 z - a staff of earth {!a}
   (You found it on level 5 of the Dungeon)
Jewellery
 i - the ring of Vyad {Fly rElec Str+5 Int-4 Slay+3}
   (You acquired it on level 5 of the Dungeon)

   [ring of flight]

   Str+5:     It affects your strength (+5).
   Int-4:     It affects your intelligence (-4).
   Slay+3:    It affects your accuracy & damage with ranged weapons and melee
   (+3).
   rElec:     It insulates you from electricity.
   Fly:       It grants you flight.
Talismans
 b - a beast talisman
 c - a flux talisman
Wands
 v - a wand of paralysis (12)
   (You found it on level 4 of the Dungeon)
Scrolls
 j - 2 scrolls of enchant weapon {unknown}
 k - a scroll of fear {unknown}
 l - 2 scrolls of teleportation {unknown}
 p - a scroll of silence {unknown}
 y - a scroll of amnesia {unknown}
Potions
 a - 3 potions of lignification {!q}
 g - 2 potions of resistance
 h - a potion of degeneration {!q}
 o - a potion of curing {@q1}
 q - a potion of heal wounds {unknown}
 t - a potion of haste {unknown}
 w - a potion of cancellation
 x - a potion of attraction {unknown}

Dungeon Overview and Level Annotations

Branches:
Dungeon (5/15) Zot: 26490  Temple (0/1) D:4

Altars:
Qazlal
Trog
Wu Jian
Xom
The Shining One

Annotations:
D:4 Menkaure

*,,*,*,,,,,,,,#...*,§§,,,,,**,,,,
,,,*,,,,*............♣♣.,,*,,,,*,
,,,,,*,,*♣♣..♣♣..♣♣.♣§♣.,**,,,,,,
,*,*****,PP♣.....#..♣♣..***,**,**
***,* *,*..♣#.##.#.#.♣P.*,****,,,
,,*** ***####...g.......,,,* *,**
*,* #######z#.#####**,* *,** *,*
#######l#.....# *,* *,,, *,*
#######h#####.###,***,,* ,,*
#######....^.....,,,,,,* ,,*
####..).#####)###,****,* ,,*
####.##.#####.#**,* *,* ,,*
####.##.#####..,,,* *,* ,,*
#.....#.#######**,** *,* ,,*
#.....#...$....,,,,* *,* ,,*
#.....#########**,,* *,* ,,*
#.....# *,.* *,,


You could see an iguana, a wight and a gnoll.


Message History

You feel yourself moving faster!
You feel mighty! The iguana barely misses you. 😮 HP[+14]
You now have 60 max hp (+20).
You regained 14 hp, and now have 43/60 hp.
You closely miss the iguana. The iguana bites you!
You are too injured to fight recklessly! 😮 HP[-9]
You take 9 damage, and now have 34/60 hp.
You are too injured to fight recklessly!
You are too injured to fight recklessly!
You are too injured to fight recklessly!
You are too injured to fight recklessly!
Unknown command.
You punch the iguana!
You kill the iguana!
Qazlal accepts your kill.
A wight comes into view. It is wielding a +0 short sword.
You punch the wight!
Unknown command.
You punch the wight!
You destroy the wight!
Qazlal accepts your kill.
Your Invocations skill increases to level 2!
You have reached level 6!
Your scales feel tougher. 😮 HP[+6] MP[+1]
You now have 70 max hp (+10).
You regained 6 hp, and now have 40/70 hp.
Your mp is fully restored (7).
You barely miss the wight. You tail-slap the wight!
The wight closely misses you.
Unknown command.
You punch the wight!
You destroy the wight!
Qazlal accepts your kill.
d - 42 stones (gained 4)
You now have 207 gold pieces (gained 14).
Items here: )) [[ †. 😮 HP[+1]
You feel a strong urge to attack something.
Unknown command.
You feel your anger nearly subside.
You are no longer berserk.
You are exhausted.
You feel yourself slow down. 😮 HP[-13]
You now have 47 max hp (-23).
A gnoll comes into view. It is wielding a +0 whip.
A wight comes into view. It is wielding a +0 morningstar.
The gnoll shouts!
The wight moves out of view. 😮 HP[+1]
You barely miss the gnoll.
An iguana comes into view.
The gnoll hits you with a +0 whip!
* * * LOW HITPOINT WARNING * * *
😨 HP[-7]
You take 7 damage, and now have 22/47 hp.
You closely miss the gnoll.
The iguana hisses angrily.
You tail-slap the gnoll, but do no damage.
The gnoll barely misses you. 😨 HP[+1]
You punch the gnoll! The gnoll hits you with a +0 whip.
* * * LOW HITPOINT WARNING * * *
A gnoll comes into view. It is wielding a +0 halberd.
The gnoll hits you with a +0 whip.
* * * LOW HITPOINT WARNING * * *
Unknown command. 😨 HP[-4]
You take 4 damage, and now have 19/47 hp.
You barely miss the gnoll. The gnoll hits you but does no damage.
You barely miss the gnoll. The gnoll barely misses you.
The gnoll completely misses you. 😨 HP[+1]
The gnoll shouts!
You hit the gnoll. You tail-slap the gnoll.
You kill the gnoll!
Qazlal accepts your kill.
You hear an angry hiss.
Okay, then. 😨 HP[+1] This is a scroll of acquirement!
Something appears at your feet! The iguana bites you!
* * * LOW HITPOINT WARNING * * *
😱 HP[-10]
You take 10 damage, and now have 11/47 hp.
MASSIVE DAMAGE!! (PAUSE)
i - the ring of Vyad {Fly rElec Str+5 Int-4 Slay+3} The iguana barely misses you.
As you read the scroll of revelation, it crumbles to dust.
You feel aware of your surroundings.
You sensed 1 altar.
The iguana barely misses you.
The iguana bites you but does no damage. 😨 HP[+1]
As you read the scroll labelled MITIEX ISIUDO, it crumbles to dust.
Your body is wracked with pain!
* * * LOW HITPOINT WARNING * * *
The iguana convulses!
The gnoll convulses!
It was a scroll of torment.
The iguana bites you!
You die...

Skill      XL: |  1  2  3  4  5 |
---------------+----------------+-----
Shapeshifting  | 4 5 |  5.4
Invocations    | 1 2 |  2.4
Unarmed Combat | 4 |  4.5
Fighting       | |  1.1
Dodging        | |  1.7

Action                     |  1- 3 |  4- 6 || total
---------------------------+-------+-------++-------
  Melee: Unarmed           |   138 |    77 ||   215
         Tailslap          |    10 |    13 ||    23
         Punch             |     1 |       ||     1
    Use: Scroll            |     2 |     4 ||     6
         Potion            |     1 |     2 ||     3
   Stab: Sleeping          |     1 |     4 ||     5
         Distracted        |     1 |       ||     1
 Armour: Skin              |    67 |    35 ||   102
  Dodge: Dodged            |    90 |    36 ||   126

Levels and vault maps discovered:
D:1:      eino_arrival_cavern_c, layout_loops_cross, hangedman_decor_riveting,
          corexii_hall_statues_x, st_stairs_9
D:2:      layout_loops_corners, nrook_mini_vaults
D:3:      layout_basic, minitemple
D:4:      layout_loops_cross, minmay_temple_entry_trees, uniq_menkaure
D:5:      wad_woods_stonehenge, layout_loops_ring, uniq_prince_ribbit1

Notes
Turn   | Place    | Note
-------+----------+-------------------------------------------
     0 | D:1      | kae the Draconian Shapeshifter began the quest for the Orb.
     0 | D:1      | Reached XP level 1. HP: 16/16 MP: 1/1
     0 | D:1      | magus.rc [v1.11.3]
   140 | D:1      | HP: 4/16 [frozen (4)]
   280 | D:1      | Reached XP level 2. HP: 17/23 MP: 2/2
   404 | D:1      | You pick up a book of Iron and begin reading...
   404 | D:1      | You add the spells Summon Lightning Spire and Lee's Rapid
                  | Deconstruction to your library.
   613 | D:1      | You add the spells Tukima's Dance, Passage of Golubria and
                  | Yara's Violent Unravelling to your library.
   862 | D:2      | Reached XP level 3. HP: 28/28 MP: 3/3
   900 | D:2      | HP: 7/28 [poisoned by a kobold]
   901 | D:2      | HP: 3/28 [kobold/+0 club (3)]
  1188 | D:2      | Reached skill level 4 in Shapeshifting
  1359 | D:2      | You pick up a book of Hexes and begin reading...
  1359 | D:2      | You add the spells Anguish, Cause Fear and Enfeeble to your
                  | library.
  1730 | D:3      | Reached XP level 4. HP: 35/35 MP: 4/4
  1817 | D:3      | You add the spells Gell's Gravitas, Teleport Other and
                  | Dispersal to your library.
  1853 | D:3      | You pick up a book of Frost and begin reading...
  1853 | D:3      | You add the spells Freeze, Frozen Ramparts and Hailstorm to
                  | your library.
  2047 | D:3      | Found a shimmering altar of Xom.
  2053 | D:3      | Found an ornate altar of the Wu Jian Council.
  2054 | D:3      | Found a stormy altar of Qazlal.
  2056 | D:3      | Found a bloodstained altar of Trog.
  2058 | D:3      | Found a glowing golden altar of the Shining One.
  2469 | D:3      | Became a worshipper of Qazlal Stormbringer
  2704 | D:4      | Noticed Menkaure
  2869 | D:4      | Reached skill level 1 in Invocations
  3032 | D:4      | Found a staircase to the Ecumenical Temple.
  3260 | D:5      | Entered Level 5 of the Dungeon
  3266 | D:5      | Reached skill level 4 in Unarmed Combat
  3266 | D:5      | Reached XP level 5. HP: 40/40 MP: 5/5
  3402 | D:5      | Reached skill level 5 in Shapeshifting
  3493 | D:5      | Reached skill level 2 in Invocations
  3493 | D:5      | Reached XP level 6. HP: 40/47 MP: 7/7
  3510 | D:5      | Identified a scroll of acquirement
  3510 | D:5      | Acquired the ring of Vyad {Fly rElec Str+5 Int-4 Slay+3}
  3510 | D:5      | HP: 11/47 [iguana (10)]
  3513 | D:5      | Slain by an iguana

Vanquished Creatures
  A scorpion (D:5)
  2 wights (D:5)
  A sleepcap (D:4)
  An iguana (D:5)
  A gnoll (D:5)
  4 adders
  A worm (D:4)
  5 dart slugs
  9 endoplasms
  3 giant cockroaches
  4 hobgoblins
  7 jackals
  2 quokkas
  8 ball pythons
  7 bats
  8 frilled lizards
  6 goblins
  9 kobolds
  9 rats
88 creatures vanquished.

Table legend:
 A = Non-vault XP
 B = Vault XP
 C = Vault XP percentage of total XP
 D = Non-vault monster count
 E = Vault monster count
 F = Vault count percentage of total count
                 A         B        C        D         E       F
            +---------+---------+-------+---------+---------+-------
      Total |     486 |      18 |   3.6 |      84 |       4 |   4.5
            +---------+---------+-------+---------+---------+-------
        D:1 |      33 |       4 |  10.8 |      23 |       3 |  11.5
        D:2 |      53 |       0 |   0.0 |      27 |       0 |   0.0
        D:3 |      18 |       0 |   0.0 |      13 |       0 |   0.0
        D:4 |      83 |       0 |   0.0 |      14 |       0 |   0.0
        D:5 |     299 |      14 |   4.5 |       7 |       1 |  12.5
            +---------+---------+-------+---------+---------+-------

Skill      XL: |  1  2  3  4  5 |
---------------+----------------+-----
Shapeshifting  | 4 5 |  5.4
Invocations    | 1 2 |  2.4
Unarmed Combat | 4 |  4.5
Fighting       | |  1.1
Dodging        | |  1.7

Action                     |  1- 3 |  4- 6 || total
---------------------------+-------+-------++-------
  Melee: Unarmed           |   138 |    77 ||   215
         Tailslap          |    10 |    13 ||    23
         Punch             |     1 |       ||     1
    Use: Scroll            |     2 |     4 ||     6
         Potion            |     1 |     2 ||     3
   Stab: Sleeping          |     1 |     4 ||     5
         Distracted        |     1 |       ||     1
 Armour: Skin              |    67 |    35 ||   102
  Dodge: Dodged            |    90 |    36 ||   126

Illustrated notes

Table legend:
 A = Kills in this place as a percentage of kills in the entire game.
 B = Kills by you in this place as a percentage of kills by you in the entire game.
 C = Kills by friends in this place as a percentage of kills by friends in the entire game.
 D = Other kills in this place as a percentage of other kills in the entire game.
 E = Experience gained in this place as a percentage of experience gained in the entire game.
 F = Experience gained in this place divided by the number of levels of this place that you have seen.
                   A       B       C       D       E      F
               +-------+-------+-------+-------+-------+----------------------
         Total | 100.0 | 100.0 |   N/A |   N/A | 100.0 | 100.8
       Dungeon | 100.0 | 100.0 |   N/A |   N/A | 100.0 | 100.8
               +-------+-------+-------+-------+-------+----------------------

Table legend: (Time is in decaauts)
 A = Elapsed time spent in this place.
 B = Non-inter-level travel time spent in this place.
 C = Inter-level travel time spent in this place.
 D = Time resting spent in this place.
 E = Time spent auto-exploring this place.
 F = Levels seen in this place.
 G = Mean time per level.
                   A        B        C        D        E       F      G
               +--------+--------+--------+--------+--------+-----+--------+
         Total |   3507 |   3230 |    277 |    114 |   2608 |   5 |  701.4 |
       Dungeon |   3507 |   3230 |    277 |    114 |   2608 |   5 |  701.4 |
               +--------+--------+--------+--------+--------+-----+--------+

Top non-repeatable levels by time:
     D:2: 880 daAuts
     D:3: 852 daAuts
     D:1: 808 daAuts
     D:4: 713 daAuts
     D:5: 253 daAuts
